 Dungeon Crawl Stone Soup version 0.29-a0-643-ga013cefcf8 (webtiles) character file.

Game seed: 5863208930681593674

109 HoaS the Shooter (level 4, -3/26 HPs)
             Began as a Tengu Hunter on June 19, 2022.
             Was an Initiate of Makhleb.
             Slain by a black bear (8 damage)
             ... on level 3 of the Dungeon.
             The game lasted 00:03:44 (2191 turns).

HoaS the Shooter (Tengu Hunter)                     Turns: 2191, Time: 00:03:44

Health: -3/26      AC:  3    Str: 18    XL:     4   Next: 90%
Magic:  5/5        EV: 12    Int:  9    God:    Makhleb [......]
Gold:   141        SH:  0    Dex: 19    Spells: 3/3 levels left

rFire   . . .      SeeInvis .   a - +3 shortbow
rCold   . . .      Faith    .   (shield currently unavailable)
rNeg    . . .      Spirit   .   b - +0 leather armour
rPois   .          Reflect  .   (helmet restricted)
rElec   .          Harm     .   (no cloak)
rCorr   .          Rampage  .   (no gloves)
Will    .....                   (boots unavailable)
Stlth   ++........              k - amulet of the acrobat
HPRegen 0.08/turn               e - +6 ring of strength
MPRegen 0.09/turn               (no ring)

@: no status effects
A: beak, talons 3
a: Renounce Religion


You were on level 3 of the Dungeon.
You worshipped Makhleb.
Makhleb was noncommittal.
You visited 1 branch of the dungeon, and saw 3 of its levels.

You collected 180 gold pieces.
You spent 39 gold pieces at shops.

Inventory:

Hand Weapons
 a - a +3 shortbow (weapon)
Armour
 b - a +0 leather armour (worn)
Jewellery
 e - a +6 ring of strength (left hand)
 k - an amulet of the acrobat (around neck)
Scrolls
 c - 2 scrolls of immolation
 d - 3 scrolls of teleportation
Potions
 g - a potion of might {unknown}
 i - a potion of curing {unknown}
 j - a potion of degeneration {unknown}


   Skills:
 - Level 2.0 Fighting
 + Level 6.7 Bows
 - Level 2.1 Dodging
 - Level 1.0 Stealth


You had 3 spell levels left.
You didn't know any spells.
Your spell library contained the following spells:

 Spells                   Type           Power      Damage    Failure   Level
 Tukima's Dance           Hex            0%         N/A       82%         3
 Passage of Golubria      Tloc           0%         N/A       99%         4
 Yara's Violent Unravell  Hex/Tmut       0%         3d3       100%        5


Dungeon Overview and Level Annotations

Branches:
Dungeon (3/15)

Altars:
Gozag
Makhleb

Shops:
D:1 [(?

Annotations:
D:2 1 runed translucent door, Crazy Yiuf


Innate Abilities, Weirdness & Mutations

You have a beak for a mouth.
You have claws for feet.


Message History

The black bear barely misses you. The black bear misses you.
The black bear claws you.
You shoot an arrow. The arrow barely misses the black bear.
The black bear misses you.
The black bear claws you but does no damage.
The black bear claws you.
You shoot an arrow.
The arrow closely misses the black bear.
The black bear barely misses you.
The black bear claws you but does no damage.
The black bear misses you.
You shoot an arrow. The arrow hits the black bear!
The black bear is almost dead.
The black bear goes berserk!
You shoot an arrow. The arrow barely misses the black bear.
The black bear barely misses you. The black bear misses you.
The black bear claws you. The black bear closely misses you.
The black bear claws you. x2
* * * LOW HITPOINT WARNING * * *
You are too injured to fight recklessly!
You are too injured to fight recklessly!
You are too injured to fight recklessly!
You feel much better. The black bear bites you! The black bear claws you.
The black bear misses you.
Shoot: a) +3 shortbow
Press: ? - help, Q - select action Shift-Dir - straight line, f/p - black bear
Aim: a black bear (severely wounded, berserk, 74% to hit)
You shoot an arrow. The arrow barely misses the black bear.
The black bear barely misses you. The black bear claws you.
The black bear claws you but does no damage.
The black bear bites you!
* * * LOW HITPOINT WARNING * * *
The black bear barely misses you. x2
Shoot: a) +3 shortbow
Press: ? - help, Q - select action Shift-Dir - straight line, f/p - black bear
Aim: a black bear (severely wounded, berserk, 74% to hit)
You shoot an arrow. The arrow hits the black bear.
The black bear is severely wounded.
The black bear bites you!
You die...

#.#####.##.≈.#.##
#..#..........≈.....
#..#.#####.##.≈≈≈≈≈≈
#..#.#...#..........
#..#.#.#.#..#######.
#..#.#.#.#.. .
#.##..#...#.#. #
#....h#####.#
#..@.....#
#..#####.# #.. #.#
##. #.# #. #.# #.
..# #. ### #.


You could see a black bear (berserk).

Vanquished Creatures
  Natasha (twice) (D:2 D:1)
  An adder (D:1)
  A worm (D:2)
  A dart slug (D:1)
  An orc (D:3)
  5 endoplasms
  2 giant cockroaches
  6 hobgoblins
  2 jackals (D:1)
  3 quokkas
  5 ball pythons
  2 bats (D:2)
  A frilled lizard (D:2)
  3 goblins
  A kobold (D:2)
  7 rats
43 creatures vanquished.

Vanquished Creatures (others)
  A jackal (D:1)
1 creature vanquished.

Grand Total: 44 creatures vanquished

Notes
Turn   | Place    | Note
-------+----------+-------------------------------------------
     0 | D:1      | HoaS the Tengu Hunter began the quest for the Orb.
     0 | D:1      | Reached XP level 1. HP: 12/12 MP: 2/2
    67 | D:1      | Found a faded altar of an unknown god.
   151 | D:1      | Reached XP level 2. HP: 17/17 MP: 3/3
   170 | D:1      | Found Baamommu's Magic Scroll Boutique.
   178 | D:1      | Bought a scroll of teleportation for 39 gold pieces
   210 | D:1      | Reached skill level 5 in Bows
   465 | D:1      | Reached XP level 3. HP: 21/21 MP: 4/4
   574 | D:1      | Found Panimyim's Weapon Emporium.
   623 | D:1      | Found Rias's Antique Armour Shop.
   911 | D:2      | Noticed Natasha
   917 | D:2      | Killed Natasha
   918 | D:2      | Reached skill level 6 in Bows
  1084 | D:2      | Reached XP level 4. HP: 26/26 MP: 5/5
  1089 | D:2      | Noticed Natasha
  1387 | D:1      | Killed Natasha
  1549 | D:2      | Found a runed translucent door.
  1550 | D:2      | Noticed Crazy Yiuf
  1706 | D:2      | Found an opulent altar of Gozag.
  2035 | D:3      | Found a burning altar of Makhleb.
  2056 | D:3      | Became a worshipper of Makhleb the Destroyer
  2179 | D:3      | Noticed a black bear
  2191 | D:3      | Slain by a black bear

Illustrated notes

Levels and vault maps discovered:
D:1:      dpeg_arrival_stonehenge_8_columns, layout_basic, serial_shops,
          nicolae_shop_statue_plus, nicolae_shop_window_shopping, shop,
          hellmonk_ecumenical_altar_lost_god, lemuel_old_faithful
D:2:      layout_basic, basic_altar, uniq_crazy_yiuf_cottage, uniq_natasha
D:3:      layout_basic, mainiacjoe_overflow_brackets,
          mainiacjoe_overflow_alcove_2, nicolae_concentric_dashed_squares_wild,
          roderic_lattice_a, kennysheep_generic_room_5, uniq_grinder

Skill      XL: |  1  2  3 |
---------------+----------+-----
Bows           | 5 6 |  6.7
Fighting       | |  2.0
Dodging        | |  2.1
Stealth        | |  1.0

Action                   |  1- 3 |  4- 6 || total
-------------------------+-------+-------++-------
 Fire: Shortbow          |    55 |    46 ||   101
  Use: Scroll            |     5 |     2 ||     7
       Potion            |       |     1 ||     1
Armor: Leather armour    |     1 |    11 ||    12
Dodge: Dodged            |    11 |    33 ||    44

Table legend: (Time is in decaauts)
 A = Elapsed time spent in this place.
 B = Non-inter-level travel time spent in this place.
 C = Inter-level travel time spent in this place.
 D = Time resting spent in this place.
 E = Time spent auto-exploring this place.
 F = Levels seen in this place.
 G = Mean time per level.
                   A        B        C        D        E       F      G
               +--------+--------+--------+--------+--------+-----+--------+
         Total |   2217 |   2199 |     18 |    661 |   1258 |   3 |  739.0 |
       Dungeon |   2217 |   2199 |     18 |    661 |   1258 |   3 |  739.0 |
               +--------+--------+--------+--------+--------+-----+--------+

Top non-repeatable levels by time:
     D:1: 1133 daAuts
     D:2: 830 daAuts
     D:3: 253 daAuts
